AoeStats
← lumos

Arena

506805659Analyzed
4v4 RM · 17d ago on Sep 15, 2026· 46m 18s· 8 players
Game mode
Random Map
Map size
Large (8 player)
Population
200
Speed
Normal
Resources
Standard
Victory
Conquest
Starting age
Dark Age
Ending age
Imperial Age
RankedLock teamsTeams togetherTeam positionsShared explorationLock speedFull tech treeHidden civsTurbo modeCheats
Victory
Defeat
🇮🇳 Berbers · India
1253
+13
🇦🇺 Maya · Australia
1251
+13
🇨🇳 Franks · China
1225
+14
🇮🇳 Poles · India
1158
+18
🇨🇳 Franks · China
1248
-17
🇨🇳 Chinese · China
1194
-15
🇹🇼 Khitans · Taiwan
1159
-13
1153
-13
T - T
0:43 Loom
10:46 Feudal Age
14:58 Castle Age
16:16 Double-Bit Axe
19:48 Horse Collar
23:08 Wheelbarrow
29:00 Imperial Age
26:37 Gold Mining
29:05 Fletching
29:15 Padded Archer Armor
29:50 Thumb Ring
30:09 Conscription
29:22 Elite Skirmisher
31:32 Chemistry
30:43 Masonry
31:00 Bow Saw
30:53 Heavy Plow
31:23 Elite Chu Ko Nu
33:45 Architecture
37:37 Bodkin Arrow
37:58 Leather Archer Armor
41:04 Crossbowman
45:49 Bracer
46:20 Ring Archer Armor
牛奶罐
0:27 Loom
11:52 Feudal Age
16:11 Castle Age
14:28 Double-Bit Axe
14:25 Domestication
16:50 Wheelbarrow
17:01 Bow Saw
17:47 Pastoralism
23:04 Gold Mining
26:39 Stone Mining
29:21 Imperial Age
27:18 Forging
27:09 Scale Mail Armor
27:46 Hand Cart
27:17 Town Watch
29:33 Iron Casting
29:19 Chain Mail Armor
29:40 Lamellar Armor
30:35 Conscription
30:17 Squires
29:40 Capped Ram
32:56 Plate Mail Armor
33:16 Elite Liao Dao
36:06 Pikeman
36:32 Gambesons
40:38 Scale Barding Armor
44:29 Husbandry
一梦千年
10:41 Feudal Age
15:06 Castle Age
13:27 Double-Bit Axe
16:46 Bow Saw
25:35 Wheelbarrow
30:23 Imperial Age
28:09 Hand Cart
27:40 Town Watch
28:30 Forging
29:04 Scale Barding Armor
28:51 Gold Mining
28:48 Loom
29:04 Town Patrol
30:15 Fortified Wall
30:25 Ballistics
30:16 Masonry
31:30 Iron Casting
31:15 Chain Barding Armor
31:34 Gold Shaft Mining
30:50 Stone Mining
30:27 Cavalier
31:08 Husbandry
32:35 Chemistry
33:27 Plate Barding Armor
33:52 Blast Furnace
34:25 Chivalry
35:07 Paladin
36:59 Conscription
44:20 Pikeman
45:01 Squires
44:46 Arson
44:47 Gambesons
浮槎万里获星河
7:30 Loom
10:26 Feudal Age
14:44 Castle Age
12:55 Double-Bit Axe
13:24 Horse Collar
15:44 Bow Saw
21:27 Wheelbarrow
29:39 Imperial Age
27:48 Heavy Plow
29:37 Chemistry
28:43 Pikeman
29:23 Squires
30:32 Forging
30:52 Fortified Wall
31:40 Treadmill Crane
33:25 Two-Man Saw
32:29 Scale Mail Armor
33:07 Iron Casting
33:57 Chain Mail Armor
33:36 Houfnice
34:44 Elite Skirmisher
36:43 Conscription
36:06 Halberdier
38:39 Conscription
39:37 Wagenburg Tactics
39:55 Ballistics
41:18 Blast Furnace
raw0000
10:34 Feudal Age
12:14 Double-Bit Axe
15:00 Castle Age
13:10 Horse Collar
17:42 Bow Saw
18:17 Heavy Plow
24:13 Wheelbarrow
23:24 Loom
23:24 Town Watch
23:32 Fletching
27:19 Fortified Wall
27:58 Hand Cart
28:54 Gold Mining
28:57 Stone Mining
32:05 Imperial Age
29:59 Kasbah
30:00 Bodkin Arrow
30:06 Padded Archer Armor
30:10 Husbandry
30:32 Bloodlines
31:48 Ballistics
32:02 Town Patrol
32:41 Gold Shaft Mining
32:43 Stone Shaft Mining
33:08 Conscription
32:49 Maghrebi Camels
32:24 Elite Camel Archer
33:18 Bracer
33:34 Leather Archer Armor
34:32 Chemistry
Ambarish Choudhary
11:00 Feudal Age
11:29 Double-Bit Axe
11:25 Horse Collar
11:43 Horse Collar
14:24 Wheelbarrow
17:18 Castle Age
15:29 Stone Mining
18:21 Bow Saw
19:46 Heavy Plow
21:14 Stone Shaft Mining
23:44 Gold Mining
24:03 Scale Barding Armor
24:08 Forging
29:51 Imperial Age
27:38 Hand Cart
27:08 Loom
27:09 Town Watch
27:47 Szlachta Privileges
27:54 Husbandry
28:21 Bloodlines
29:28 Chain Barding Armor
29:43 Iron Casting
28:51 Treadmill Crane
29:08 Murder Holes
29:19 Fletching
31:16 Ballistics
31:57 Chemistry
31:19 Ballistics
31:05 Siege Engineers
31:11 Masonry
31:12 Fortified Wall
31:01 Cavalier
32:03 Conscription
32:21 Hoardings
33:32 Blast Furnace
36:59 Bodkin Arrow
37:09 Caravan
40:42 Crop Rotation
40:14 Bracer
40:14 Scale Mail Armor
40:15 Padded Archer Armor
40:38 Bombard Tower
40:04 Arrowslits
40:10 Guard Tower
42:56 Coinage
43:12 Town Patrol
lumos
10:10 Feudal Age
11:09 Loom
14:13 Castle Age
13:02 Double-Bit Axe
15:05 Bow Saw
21:17 Wheelbarrow
23:59 Gold Mining
24:33 Stone Mining
25:20 Scale Barding Armor
25:58 Gold Shaft Mining
28:39 Imperial Age
27:01 Forging
27:16 Hand Cart
28:51 Iron Casting
28:38 Chain Barding Armor
28:44 Husbandry
30:00 Plate Barding Armor
29:05 Cavalier
30:04 Masonry
30:56 Iron Casting
31:36 Chemistry
31:53 Chivalry
33:04 Conscription
32:43 Paladin
38:53 Hoardings
40:30 Caravan
43:05 Blast Furnace
41:56 Fletching
46:33 Bodkin Arrow
46:39 Scale Mail Armor
furkanonal2018
10:59 Feudal Age
11:29 Double-Bit Axe
11:36 Horse Collar
17:08 Castle Age
18:01 Bow Saw
17:52 Heavy Plow
20:28 Fervor
22:28 Wheelbarrow
25:18 Loom
29:03 Imperial Age
27:03 Crossbowman
27:37 Fletching
27:47 Padded Archer Armor
28:39 Bodkin Arrow
29:52 Ballistics
29:58 Leather Archer Armor
29:38 Gold Mining
29:39 Stone Mining
29:47 Treadmill Crane
31:09 Chemistry
29:30 Arbalester
31:05 Thumb Ring
31:31 Bracer
32:02 Ring Archer Armor
32:19 Ring Archer Armor
32:27 Conscription
32:48 Masonry
36:31 Architecture
37:14 Hand Cart
36:45 Town Watch
38:12 Two-Man Saw
39:53 Forging
39:43 Scale Mail Armor
39:07 Eagle Warrior
39:48 Squires
39:33 Arson
39:09 Pikeman
40:24 Holcans
40:37 Elite Eagle Warrior
41:57 Iron Casting
41:37 Chain Mail Armor
41:01 Halberdier
44:38 Blast Furnace
44:08 Plate Mail Armor
44:35 Murder Holes
Connection lost

Rejoining the realm…

Still unreachable

The connection could not be restored.

Session expired

The server has moved on; the page needs a fresh start.